 Dungeon Sprint DCSS version 0.30-a0-374-g95c0257040 (webtiles) character file.

Game seed: 13139787955530746268

105 McGhostyFace the Thaumaturge (level 4, -8/52 HPs)
             Began as a Gnoll Wanderer on Nov 26, 2022.
             Mangled by a water elemental (10 damage)
             ... in the Dungeon (Sprint III: "The Ten Rune Challenge").
             The game lasted 00:03:16 (253 turns).

McGhostyFace the Thaumaturge (Gnoll Wanderer)        Turns: 253, Time: 00:03:16

Health: -8/52      AC: 11    Str:  9    XL:     4   Next: 81%
Magic:  12/17      EV: 13    Int: 13    God:
Gold:   44         SH:  0    Dex: 16    Spells: 16/26 levels left

rFire   . . .      SeeInvis .    j - +1 dagger (venom)
rCold   . . .      Faith    .    (no shield)
rNeg    . . .      Spirit   .    c - +0 robe
rPois   .          Reflect  .    (helmet restricted)
rElec   .          Harm     .    (no cloak)
rCorr   .          Rampage  .    (no gloves)
Will    .....      NoTele   +    d - +0 pair of boots
Stlth   ..........               (no amulet)
HPRegen 0.28/turn                (no ring)
MPRegen 0.15/turn                (no ring)

@: berserking, ice-armoured, engulfed (cannot breathe), very quick
A: fangs 1, strong nose, distributed training, antennae 1, iridescent scales 1,
agile 1
a: no special abilities


You were in the Dungeon.
You visited 1 branch You collected 44 gold pieces.

Inventory:

Hand Weapons
 a - a +0 dagger
 j - a +1 dagger of venom (weapon)
Armour
 c - a +0 robe (worn)
 d - a +0 pair of boots (worn)
Scrolls
 b - 2 scrolls of blinking
 k - 2 scrolls of immolation {unknown}
 l - 2 scrolls of identify {unknown}
Potions
 e - 3 potions of curing
 f - a potion of heal wounds
 g - a potion of haste
 h - 2 potions of magic
 m - 2 potions of mutation


   Skills:
 + Level 3.1 Fighting
 + Level 3.1 Short Blades
 + Level 3.1 Long Blades
 + Level 3.1 Axes
 + Level 3.1 Maces & Flails
 + Level 3.1 Polearms
 + Level 3.1 Staves
 + Level 3.1 Ranged Weapons
 + Level 3.1 Throwing
 + Level 3.1 Armour
 + Level 3.1 Dodging
 + Level 3.9 Stealth
 + Level 3.1 Shields
 + Level 3.1 Unarmed Combat
 + Level 11.7 Spellcasting
 + Level 2.5 Conjurations
 + Level 2.5 Hexes
 + Level 2.5 Summonings
 + Level 4.6 Necromancy
 + Level 2.5 Translocations
 + Level 2.5 Transmutations
 + Level 2.5 Fire Magic
 + Level 2.5 Ice Magic
 + Level 2.5 Air Magic
 + Level 2.5 Earth Magic
 + Level 2.5 Poison Magic
 + Level 3.4 Invocations
 + Level 4.1 Evocations


You had 16 spell levels left.
You knew the following spells:

 Your Spells              Type           Power      Damage    Failure   Level
a - Necrotise             Necr           76%        1d7       1%          1
b - Call Canine Familiar  Summ           14%        N/A       10%         3
c - Ozocubu's Armour      Ice            14%        N/A       10%         3
d - Mephitic Cloud        Conj/Pois/Air  14%        N/A       10%         3

Your spell library contained the following spells:

 Spells                   Type           Power      Damage    Failure   Level
 Beastly Appendage        Tmut           28%        N/A       3%          1
 Vampiric Draining        Necr           19%        2d7       4%          3


Dungeon Overview and Level Annotations

Branches:
Dungeon (1/1)

Altars:


Innate Abilities, Weirdness & Mutations

You have very sharp teeth.
Your uncanny sense of smell can sniff out nearby items.
Your experience applies equally to all skills.
You have a pair of small antennae on your head.
You are partially covered in iridescent scales. (AC +2)
You are agile. (Dex +4, Str/Int -1)


Message History

Confirm with . or Enter, or press ? or * to list all spells.
The spell is quite dangerous to miscast (10% risk of failure)!
Continue anyway?
Casting: Call Canine Familiar (quite dangerous; 10% risk of failure)
Confirm with . or Enter, or press ? or * to list all spells.
The spell is quite dangerous to miscast (10% risk of failure)!
Continue anyway?
A film of ice covers your body!
Your hound bites the water elemental.
You hit the water elemental.
The water elemental is lightly damaged.
The water elemental closely misses you.
Your hound barely misses the water elemental.
You hit the water elemental.
You bite the water elemental, but do no damage.
The water elemental is lightly damaged.
Your hound closely misses the water elemental.
The water elemental hits you!
The water elemental engulfs you in water!
You hit the water elemental.
The water elemental is moderately damaged.
Your lungs strain for air!
Your hound bites the water elemental.
The water elemental misses your hound.
You hit the water elemental.
You punch the water elemental, but do no damage.
The water elemental is moderately damaged.
Your lungs strain for air!
Your hound bites the water elemental but does no damage.
The water elemental barely misses you.
Your hound bites the water elemental but does no damage.
You hit the water elemental but do no damage.
The water elemental is moderately damaged.
* * * LOW HITPOINT WARNING * * *
Your lungs strain for air!
Your hound barely misses the water elemental.
The water elemental hits you.
* * * LOW HITPOINT WARNING * * *
A red film seems to cover your vision as you go berserk!
You feel yourself moving faster!
You feel mighty!
* * * LOW HITPOINT WARNING * * *
Your lungs strain for air!
Your hound bites the water elemental.
The water elemental hits you!
You die...

▓▓▓▓▓▓▓▓▓▓▓ ▓▓▓
<.#..'....♣ ♣.#
..#..#....♣♣ ♣.#
#'####.....♣♣ ..#∆
.....#....~.♣♣♣♣.###+#+#
.....#...~~♣.....#......
.....#..~~~~♣.♣♣@E.⌠....
####'#..~≈≈~~~♣♣h#...###
(...[#.~~≈~~~....# ⌠.#
.....#.~≈~~~.....# .#∆
.....#.~~~.......# #
'#####...........# ∆∆
.................#
▓▓▓▓▓▓▓▓▓▓▓▓▓▓▓▓▓▓ {


You could see a water elemental (ally target) and a friendly hound (summoned).

Vanquished Creatures
  A scorpion (D)
  Jessica (D)
  A human (D)
  An endoplasm (D)
  2 rats (D)
6 creatures vanquished.

Notes
Turn   | Place    | Note
-------+----------+-------------------------------------------
     0 | D        | Reached skill level 11 in Spellcasting
     0 | D        | McGhostyFace the Gnoll Wanderer began the quest for the
                  | Orb.
     0 | D        | McGhostyFace set off with the following items: a +0 dagger,
                  | 2 scrolls of blinking, a +0 robe, a +0 pair of boots, a
                  | potion of curing, a potion of heal wounds, a potion of
                  | haste, 2 potions of magic, a potion of berserk rage; and
                  | the following spells available to memorise: Necrotise,
                  | Vampiric Draining, Beastly Appendage, Call Canine Familiar,
                  | Mephitic Cloud, Ozocubu's Armour.
     0 | D        | Reached XP level 1. HP: 13/13 MP: 12/12
    17 | D        | Learned a level 1 spell: Necrotise
    24 | D        | Noticed Jessica
    26 | D        | Killed Jessica
    27 | D        | Reached skill level 1 in Fighting
    27 | D        | Reached skill level 1 in Short Blades
    27 | D        | Reached skill level 1 in Long Blades
    27 | D        | Reached skill level 1 in Axes
    27 | D        | Reached skill level 1 in Maces & Flails
    27 | D        | Reached skill level 1 in Polearms
    27 | D        | Reached skill level 1 in Staves
    27 | D        | Reached skill level 1 in Ranged Weapons
    27 | D        | Reached skill level 1 in Throwing
    27 | D        | Reached skill level 1 in Armour
    27 | D        | Reached skill level 1 in Dodging
    27 | D        | Reached skill level 1 in Shields
    27 | D        | Reached skill level 1 in Unarmed Combat
    27 | D        | Reached skill level 1 in Conjurations
    27 | D        | Reached skill level 1 in Hexes
    27 | D        | Reached skill level 1 in Summonings
    27 | D        | Reached skill level 1 in Translocations
    27 | D        | Reached skill level 1 in Transmutations
    27 | D        | Reached skill level 1 in Fire Magic
    27 | D        | Reached skill level 1 in Ice Magic
    27 | D        | Reached skill level 1 in Air Magic
    27 | D        | Reached skill level 1 in Earth Magic
    27 | D        | Reached skill level 1 in Poison Magic
    27 | D        | Reached XP level 2. HP: 22/22 MP: 11/14
    27 | D        | Reached XP level 3. HP: 27/27 MP: 11/15
   106 | D        | Noticed a scorpion
   119 | D        | Killed a scorpion
   120 | D        | Reached XP level 4. HP: 22/35 MP: 12/17
   190 | D        | Gained mutation: Your flesh is cold resistant. (rC+)
                  | [potion of mutation]
   190 | D        | Gained mutation: You are frail. (-10% HP) [potion of
                  | mutation]
   191 | D        | Lost mutation: Your flesh is cold resistant. (rC+) [potion
                  | of mutation]
   191 | D        | Lost mutation: You are frail. (-10% HP) [potion of
                  | mutation]
   191 | D        | Gained mutation: You have a pair of small antennae on your
                  | head. [potion of mutation]
   191 | D        | Gained mutation: You are agile. (Dex +4, Str/Int -1)
                  | [potion of mutation]
   192 | D        | Lost mutation: You have a pair of small antennae on your
                  | head. [potion of mutation]
   192 | D        | Lost mutation: You are agile. (Dex +4, Str/Int -1) [potion
                  | of mutation]
   192 | D        | Gained mutation: You expend magic power (3 MP) to
                  | strengthen your wands. [potion of mutation]
   192 | D        | Gained mutation: You are frail. (-10% HP) [potion of
                  | mutation]
   192 | D        | Gained mutation: You have sharp fingernails. [potion of
                  | mutation]
   193 | D        | Lost mutation: You expend magic power (3 MP) to strengthen
                  | your wands. [potion of mutation]
   193 | D        | Lost mutation: You are frail. (-10% HP) [potion of
                  | mutation]
   193 | D        | Lost mutation: You have sharp fingernails. [potion of
                  | mutation]
   193 | D        | Gained mutation: Armour fits poorly on your strangely
                  | shaped body. [potion of mutation]
   193 | D        | Gained mutation: Potions are less effective at restoring
                  | your health. [potion of mutation]
   193 | D        | Gained mutation: You are partially covered in iridescent
                  | scales. (AC +2) [potion of mutation]
   194 | D        | Lost mutation: Potions are less effective at restoring your
                  | health. [potion of mutation]
   194 | D        | Lost mutation: Armour fits poorly on your strangely shaped
                  | body. [potion of mutation]
   194 | D        | Gained mutation: You are agile. (Dex +4, Str/Int -1)
                  | [potion of mutation]
   194 | D        | Gained mutation: You have a pair of small antennae on your
                  | head. [potion of mutation]
   231 | D        | Learned a level 3 spell: Call Canine Familiar
   235 | D        | Learned a level 3 spell: Ozocubu's Armour
   239 | D        | Learned a level 3 spell: Mephitic Cloud
   239 | D        | Noticed a water elemental
   253 | D        | HP: 2/52 [drowned by a water elemental (6)]
   253 | D        | Mangled by a water elemental

Illustrated notes

Levels and vault maps discovered:
D:        dungeon_sprint_mu [sprint_mu_entry_forest, sprint_mu_temple_rooms,
          sprint_mu_d1_horrors, sprint_mu_d2_genie, sprint_mu_d3_branching,
          sprint_mu_orc_legion, sprint_mu_elf_gauntlet, sprint_mu_hive_nellie,
          sprint_mu_lair_fedhas, sprint_mu_vaults_butterflies,
          sprint_mu_slime_circle, sprint_mu_swamp_cave, sprint_mu_snake_twists,
          sprint_mu_blade_basic, sprint_mu_crypt_fortress,
          sprint_mu_tomb_spiral, sprint_mu_vestibule_basic,
          sprint_mu_gehenna_hellfire, sprint_mu_dis_giant,
          sprint_mu_tartarus_statrot, sprint_mu_cocytus_islands, sprint_mu_zot1]

Skill      XL: |  1  2  3 |
---------------+----------+-----
Spellcasting   | | 11.7
Fighting       | 1 3 |  3.1
Short Blades   | 1 3 |  3.1
Long Blades    | 1 3 |  3.1
Axes           | 1 3 |  3.1
Maces & Flails | 1 3 |  3.1
Polearms       | 1 3 |  3.1
Staves         | 1 3 |  3.1
Ranged Weapons | 1 3 |  3.1
Throwing       | 1 3 |  3.1
Armour         | 1 3 |  3.1
Dodging        | 1 3 |  3.1
Stealth        | 3 |  3.9
Shields        | 1 3 |  3.1
Unarmed Combat | 1 3 |  3.1
Conjurations   | 1 2 |  2.5
Hexes          | 1 2 |  2.5
Summonings     | 1 2 |  2.5
Necromancy     | 4 |  4.6
Translocations | 1 2 |  2.5
Transmutations | 1 2 |  2.5
Fire Magic     | 1 2 |  2.5
Ice Magic      | 1 2 |  2.5
Air Magic      | 1 2 |  2.5
Earth Magic    | 1 2 |  2.5
Poison Magic   | 1 2 |  2.5
Invocations    | 2 3 |  3.4
Evocations     | 3 4 |  4.1

Action                   |  1- 3 |  4- 6 || total
-------------------------+-------+-------++-------
Melee: Dagger            |    18 |     5 ||    23
       Bite              |     2 |     1 ||     3
       Punch             |       |     1 ||     1
 Cast: Necrotise         |    12 |       ||    12
       Ozocubu's Armour  |       |     1 ||     1
       Call Canine Famil |       |     1 ||     1
  Use: Potion            |       |     6 ||     6
Armor: Robe              |     5 |       ||     5
Dodge: Dodged            |     9 |     2 ||    11

Table legend: (Time is in decaauts)
 A = Elapsed time spent in this place.
 B = Non-inter-level travel time spent in this place.
 C = Inter-level travel time spent in this place.
 D = Time resting spent in this place.
 E = Time spent auto-exploring this place.
 F = Levels seen in this place.
 G = Mean time per level.
                   A        B        C        D        E       F      G
               +--------+--------+--------+--------+--------+-----+--------+
         Total |    250 |    250 |      0 |     65 |      0 |   1 |  250.0 |
       Dungeon |    250 |    250 |      0 |     65 |      0 |   1 |  250.0 |
               +--------+--------+--------+--------+--------+-----+--------+

Top non-repeatable levels by time:
       D: 250 daAuts
